 Dungeon Crawl Stone Soup version 0.19.5 (webtiles) character file.

3280 greprep the Thaumaturge (level 9, -4/47 HPs)
             Began as a Deep Elf Conjurer on May 6, 2017.
             Was a Follower of Vehumet.
             Slain by a hill giant
             ... wielding a +0 giant club
              (39 damage)
             ... on level 6 of the Dungeon.
             The game lasted 00:26:06 (8619 turns).

greprep the Thaumaturge (Deep Elf Conjurer)         Turns: 8619, Time: 00:26:07

Health: -4/47      AC:  8    Str:  5    XL:     9   Next: 69%
Magic:  27/34      EV: 15    Int: 30    God:    Vehumet [*.....]
Gold:   208        SH:  5    Dex: 11    Spells: 4 memorised, 19 levels left

rFire  . . .     SeeInvis +     I - +4 dagger
rCold  . . .     Gourm    .     M - +1 robe "Tiesocw" {Int+6 Dex-4 SInv}
rNeg   . . .     Faith    .     m - +0 buckler
rPois  .         Spirit   .     q - +0 helmet
rElec  .         Reflect  .     x - +2 cloak
rCorr  .         Harm     .     (no gloves)
MR     .....                    o - +0 pair of boots
Stlth  +++.......               t - amulet of magic regeneration
                                (no ring)
                                F - ring of magical power

@: no status effects
A: no striking features
a: Renounce Religion


You were on level 6 of the Dungeon.
You worshipped Vehumet.
Vehumet was aware of your devotion.
You were not hungry.

You visited 1 branch of the dungeon, and saw 8 of its levels.

You collected 481 gold pieces.
You spent 273 gold pieces at shops.

Inventory:

Hand Weapons
 D - a +2 falchion of holy wrath
 I - a +4 dagger (weapon)
Missiles
 C - 85 arrows
Armour
 a - a +0 robe
 m - a +0 buckler (worn)
 o - a +0 pair of boots (worn)
 q - a +0 helmet (worn)
 x - a +2 cloak (worn)
 L - a +1 cloak
 M - the +1 robe "Tiesocw" (worn) {Int+6 Dex-4 SInv}
   (You took it off a wight on level 8 of the Dungeon)

   It affects your intelligence (+6).
   It affects your dexterity (-4).
   It lets you see invisible.
Jewellery
 t - an amulet of magic regeneration (around neck)
 F - a ring of magical power (left hand)
 G - an uncursed amulet of the gourmand
Wands
 h - a wand of disintegration (8/24)
 N - a wand of flame (33/48)
Scrolls
 d - a scroll of recharging {unknown}
 e - 3 scrolls of magic mapping {unknown}
 i - a scroll of enchant armour {unknown}
 k - 2 scrolls of enchant weapon {unknown}
 p - a scroll of noise {unknown}
 y - a scroll of blinking {unknown}
 E - a scroll of teleportation {unknown}
 K - 3 scrolls of remove curse
 P - a scroll of identify
 R - a scroll of silence {unknown}
Potions
 f - a potion of resistance {unknown}
 j - a potion of heal wounds
 l - a potion of brilliance
 n - 2 potions of cancellation
 s - a potion of flight
 u - a potion of haste
 v - a potion of agility
 w - 2 potions of degeneration {unknown}
 A - 3 potions of curing
 B - a potion of cure mutation {unknown}
 O - a potion of magic {unknown}
 Q - a potion of invisibility {unknown}
Books
 b - a book of Conjurations

   Spells                             Type                      Level
   a - Magic Dart                     Conjuration                  1
   b - Searing Ray                    Conjuration                  2
   c - Dazzling Spray                 Conjuration/Hexes            3
   d - Fulminant Prism                Conjuration/Hexes            4
   e - Iskenderun's Mystic Blast      Conjuration                  4
   f - Iskenderun's Battlesphere      Conjuration/Charms           5
 J - a book of Air

   Spells                             Type                      Level
   a - Shock                          Conjuration/Air              1
   b - Swiftness                      Charms/Air                   2
   c - Repel Missiles                 Charms/Air                   2
   d - Static Discharge               Conjuration/Air              3
   e - Lightning Bolt                 Conjuration/Air              5
Comestibles
 c - 2 bread rations
 g - 3 meat rations
 r - 2 fruits
 z - 2 beef jerkies
 H - a royal jelly


   Skills:
 + Level 1.2 Fighting
 + Level 6.1 Dodging
 + Level 4.4 Stealth
 * Level 5.0 Shields
 + Level 10.3 Spellcasting
 + Level 9.3 Conjurations
 + Level 0.4 Charms


You had 19 spell levels left.
You knew the following spells:

 Your Spells              Type           Power        Failure   Level  Hunger
a - Magic Dart            Conj           ####         1%          1    None
b - Searing Ray           Conj           ######       1%          2    None
c - Swiftness             Chrm/Air       ###.....     6%          2    None
d - Fulminant Prism       Conj/Hex       #####.....   6%          4    None


Dungeon Overview and Level Annotations

Branches:
Dungeon (8/15)             Temple (0/1) D:6
   Lair: D:8-11

Altars:
Ashenzari
Elyvilon
Fedhas
Makhleb
Qazlal
Vehumet
Zin

Shops:
D:6 [   D:8 !


Message History

You kill the bullfrog!
Vehumet accepts your kill.
Your Shields skill increases to level 5!
There is an escape hatch in the ceiling here.
You block the hill giant's attack. A mysterious force pulls you upwards.
The hatch slams shut behind you.
Casting: Searing Ray
Confirm with . or Enter, or press ? or * to list all spells.
Aiming: Searing Ray
Press: ? - help, Shift-Dir - straight line, f - hill giant
Aim: a hill giant, wielding a giant club (lightly wounded)
The searing ray hits the hill giant.
The hill giant is lightly wounded. (Press . to maintain the ray.)
The hill giant closely misses you.
The searing ray hits the hill giant.
The hill giant is moderately wounded.
The hill giant hits you with a giant club!!!
Ouch! That really hurt!
You die...

#.......#
#..[...
#.......#
#......
#####.......#
#......
#...........#
#......
#.......#####
#......
#.......#
#......
#.......#
#......
#......C#
#......
#....).@#
#......
#.......#
#######
#.......# #
#.......# #
#.......# #
#.......# #
######### # #
#


You could see a hill giant.

Vanquished Creatures
  A hill giant (D:7)
  Maurice (D:8)
  The ghost of greprep the Magician, a novice DECj of Vehumet (D:6)
  A hippogriff (D:8)
  Menkaure (D:6)
  A sky beast (D:6)
  4 ogres
  A centaur (D:5)
  A big kobold (D:6)
  4 bullfrogs
  A scorpion (D:4)
  A killer bee (D:8)
  4 wights (D:8)
  A bullfrog zombie (D:7)
  5 crimson imps
  A hound (D:7)
  2 orc priests
  A bullfrog skeleton (D:4)
  A gnoll shaman (D:4)
  Ijyb (D:2)
  Natasha (thrice) (D:3)
  An iguana (D:6)
  2 orc wizards (D:4)
  3 worker ants
  9 gnolls
  7 adders
  A shadow imp (D:5)
  2 worms
  4 dart slugs
  2 leopard geckos
  12 orcs
  A ball python (D:4)
  6 bats
  6 giant cockroaches
  11 goblins
  7 hobgoblins
  3 jackals (D:2)
  A quokka (D:5)
  8 frilled lizards
  10 kobolds
  A quokka zombie (D:6)
  6 rats
140 creatures vanquished.

Vanquished Creatures (others)
  2 fulminant prisms (D:7)
2 creatures vanquished.

Grand Total: 142 creatures vanquished

Notes
Turn   | Place    | Note
-------+----------+-------------------------------------------
     0 | D:1      | greprep the Deep Elf Conjurer began the quest for the Orb.
     0 | D:1      | Reached XP level 1. HP: 10/10 MP: 6/6
   192 | D:1      | Reached XP level 2. HP: 15/15 MP: 5/8
   196 | D:1      | Learned a level 2 spell: Searing Ray
   672 | D:1      | Reached skill level 5 in Conjurations
  1236 | D:2      | Reached XP level 3. HP: 19/19 MP: 3/9
  1935 | D:2      | Reached skill level 1 in Shields
  1943 | D:2      | Reached XP level 4. HP: 24/24 MP: 7/11
  2088 | D:2      | Noticed Ijyb
  2095 | D:2      | Killed Ijyb
  2095 | D:2      | Reached skill level 4 in Spellcasting
  2776 | D:3      | Noticed Natasha
  2781 | D:3      | Killed Natasha
  2781 | D:3      | Reached XP level 5. HP: 28/28 MP: 8/13
  3015 | D:3      | Noticed Natasha
  3018 | D:3      | Killed Natasha
  3291 | D:3      | Found a white marble altar of Elyvilon.
  3291 | D:3      | Noticed Natasha
  3294 | D:3      | Killed Natasha
  3294 | D:3      | Reached skill level 5 in Spellcasting
  3540 | D:3      | Noticed an angel
  3541 | D:3      | Found a glowing silver altar of Zin.
  3588 | D:3      | Found a burning altar of Makhleb.
  3706 | D:4      | Found a shattered altar of Ashenzari.
  3727 | D:4      | Reached XP level 6. HP: 32/32 MP: 6/16
  4842 | D:4      | Reached skill level 6 in Spellcasting
  4848 | D:4      | Reached XP level 7. HP: 28/36 MP: 5/18
  5161 | D:5      | Entered Level 5 of the Dungeon
  5523 | D:5      | Reached skill level 7 in Spellcasting
  5686 | D:5      | You fall through a shaft for 2 floors!
  5706 | D:7      | You fall through a shaft!
  5711 | D:8      | Found a blossoming altar of Fedhas.
  5719 | D:8      | Found a radiant altar of Vehumet.
  5725 | D:8      | Found a stormy altar of Qazlal.
  5730 | D:8      | Became a worshipper of Vehumet
  5739 | D:8      | Found Johes's Distillery.
  5745 | D:8      | Bought a potion of heal wounds for 65 gold pieces
  5745 | D:8      | Bought a potion of heal wounds for 65 gold pieces
  5745 | D:8      | Bought a potion of curing for 39 gold pieces
  5745 | D:8      | Bought a potion of curing for 39 gold pieces
  5745 | D:8      | Bought a potion of heal wounds for 65 gold pieces
  5806 | D:8      | Noticed Maurice
  5892 | D:8      | Killed Maurice
  5892 | D:8      | Reached XP level 8. HP: 18/41 MP: 14/21
  6069 | D:8      | Learned a level 2 spell: Swiftness
  6142 | D:8      | Reached skill level 8 in Spellcasting
  6418 | D:8      | Got a wizard robe
  6429 | D:8      | Identified the cursed +1 robe "Tiesocw" {Int+6 Dex-4 SInv} (You took it off a wight on level 8 of the Dungeon)
  6446 | D:8      | Noticed a hippogriff
  6461 | D:8      | Killed a hippogriff
  6863 | D:6      | Reached skill level 9 in Spellcasting
  7032 | D:6      | Noticed greprep's ghost (novice DECj)
  7038 | D:6      | Killed greprep's ghost
  7038 | D:6      | Reached skill level 5 in Dodging
  7038 | D:6      | Reached XP level 9. HP: 44/46 MP: 24/24
  7040 | D:6      | Noticed Menkaure
  7046 | D:6      | Killed Menkaure
  7416 | D:6      | Reached skill level 1 in Fighting
  7840 | D:6      | Found a staircase to the Ecumenical Temple.
  8011 | D:6      | Found Poryla Ware's Armour Shoppe.
  8475 | D:7      | Reached * piety under Vehumet
  8475 | D:7      | Offered knowledge of Sandblast by Vehumet.
  8487 | D:7      | Learned a level 4 spell: Fulminant Prism
  8538 | D:7      | Noticed a hill giant
  8570 | D:7      | Killed a hill giant
  8570 | D:7      | Reached skill level 10 in Spellcasting
  8594 | D:7      | Noticed a hill giant
  8598 | D:7      | Reached skill level 5 in Shields
  8619 | D:6      | Slain by a hill giant

Skill      XL: |  1  2  3  4  5  6  7  8  9 |
---------------+----------------------------+-----
Conjurations   | 5 6 7 8 9 |  9.3
Shields        | 1 2 3 4 5 |  5.0
Spellcasting   | 4 5 6 7 9 10 | 10.3
Dodging        | 3 4 5 6 |  6.1
Stealth        | 3 4 |  4.4
Fighting       | 1 |  1.2
Charms         | |  0.4

Action                   |  1- 3 |  4- 6 |  7- 9 || total
-------------------------+-------+-------+-------++-------
Melee: Unarmed           |     1 |       |       ||     1
 Cast: Magic Dart        |    69 |    46 |    88 ||   203
       Searing Ray       |     4 |    28 |    46 ||    78
       Swiftness         |       |       |     1 ||     1
       Fulminant Prism   |       |       |     2 ||     2
  Use: Potion            |     3 |       |     2 ||     5
       Scroll            |       |     1 |     6 ||     7
  Eat: Pizza             |     2 |       |       ||     2
       Bread ration      |       |     1 |     2 ||     3
       Royal jelly       |       |     1 |       ||     1
       Beef jerky        |       |     1 |       ||     1
       Meat ration       |       |       |     1 ||     1
Armor: Robe              |     1 |     7 |    16 ||    24
Dodge: Dodged            |     8 |    13 |    39 ||    60
Block: Buckler           |     3 |     6 |    11 ||    20
       Rpst.: Falchion   |       |     2 |     1 ||     3
